 Dungeon Crawl Stone Soup version 0.17-a0-1636-g3119f2b (webtiles) character file.

2034 SrHikikomori the Blocker (level 9, -12/60 HPs)
             Began as a Halfling Fighter on Aug 5, 2015.
             Was an Initiate of Fedhas.
             Mangled by an ogre
             ... wielding a +0 giant club
              (18 damage)
             ... on level 7 of the Dungeon.
             The game lasted 00:36:39 (7715 turns).

SrHikikomori the Blocker (Halfling Fighter)         Turns: 7715, Time: 00:36:39

Health: -12/60     AC: 17    Str: 18    XL:     9   Next: 48%
Magic:  9/9        EV: 10    Int:  7    God:    Fedhas [......]
Gold:   264        SH: 11    Dex: 15    Spells: 0 memorised, 8 levels left

rFire  . . .     SeeInvis .     a - +0 rapier
rCold  . . .     Clarity  .     f - +0 chain mail
rNeg   . . .     SustAt   .     c - +0 shield
rPois  .         Gourm    .     B - +2 helmet
rElec  .         Spirit   .     (no cloak)
rCorr  .         Warding  .     i - +2 pair of gloves
rMut   .         Stasis   .     u - +0 pair of boots
MR     .....                    (no amulet)
Stlth  ..........               (no ring)
                                d - ring of wizardry

@: lethally poisoned (-12 -> -13), not resistant to hostile enchantments,
extremely unstealthy
A: mutation resistance 1
a: Renounce Religion


You were on level 7 of the Dungeon.
You worshipped Fedhas.
Fedhas was noncommittal.
You were very hungry.

You visited 2 branches of the dungeon, and saw 8 of its levels.

You collected 264 gold pieces.

Inventory:

Hand weapons
 a - a +0 rapier (weapon)
 k - a +0 mace
 t - a +0 whip
 v - the +10 hand axe of Autumn {drain, rN+ Dex+2, unknown}
   (You found it on level 6 of the Dungeon)

   A truly terrible weapon, it drains the life of those it strikes.
   It affects your dexterity (+2).
   It protects you from negative energy.
 A - a +0 falchion
Missiles
 h - 104 stones (quivered)
 z - a throwing net
Armour
 b - a +0 scale mail
 c - a +0 shield (worn)
 f - a +0 chain mail (worn)
 i - a +2 pair of gloves (worn)
 j - a +0 ring mail
 u - a +0 pair of boots (worn)
 B - a +2 helmet (worn)
Jewellery
 d - a ring of wizardry (left hand)
 n - an uncursed amulet of guardian spirit {unknown}
Magical devices
 q - a wand of draining (5)
Scrolls
 l - a scroll of teleportation {unknown}
 m - 2 scrolls of remove curse
 p - a scroll of enchant armour {unknown}
 s - a scroll of noise {unknown}
 y - a scroll of blinking {unknown}
 C - a scroll of recharging {unknown}
Potions
 o - a potion of haste
 r - a potion of brilliance {unknown}
 w - a potion of curing
 x - a potion of cure mutation {unknown}
Comestibles
 e - 2 bread rations


   Skills:
 + Level 4.9 Fighting
 + Level 7.1 Short Blades
 + Level 5.9 Armour
 + Level 5.1 Dodging
 + Level 1.3 Stealth
 + Level 8.2 Shields


You had 8 spell levels left.
You didn't know any spells.

Dungeon Overview and Level Annotations

Branches:
Dungeon (7/15)             Temple (1/1) D:5

Altars:
Ashenzari
Elyvilon
Fedhas
Gozag
Kikubaaqudgha
Makhleb
Nemelex Xobeh
Qazlal
Ru
Sif Muna
Trog
Vehumet
Xom
Yredelemnul
Zin
The Shining One

Annotations:
D:7 Dowan, Duvessa


Innate Abilities, Weirdness & Mutations

You are small and have problems with some larger weapons.
You are somewhat resistant to further mutation.


Message History

The killer bee stings you but does no damage.
The ogre hits you with a giant club.
* * * LOW HITPOINT WARNING * * *
You block the killer bee's attack.
You miss the killer bee.
The killer bee is almost dead.
The killer bee stings you but does no damage.
You block the ogre's attack.
You puncture the ogre!
The ogre is moderately wounded.
You feel sick. The killer bee stings you.
* * * LOW HITPOINT WARNING * * *
The killer bee closely misses you.
Dowan gestures wildly while chanting.
Dowan blinks!
You miss the killer bee.
The killer bee is almost dead.
The killer bee barely misses you. The ogre hits you with a giant club!!
You die...
Fedhas appreciates your contribution to the ecosystem.

#.###
##...##
#.....##
#?.....
..... .e.
#.#. ..
#O# #...
[.. #@#
#..#..ye
#y#
##..#....
#y#
#......e.
#y#
#..l#y$..
#y#
#....(..$
#l# #.e#
#.# #..##
#.# #.y.#
#.# ##..#


You could see Duvessa, an ogre, an iguana and 4 killer bees.

Vanquished Creatures
  Pikel (D:6)
  A sky beast (D:5)
  A centaur (D:6)
  A slave (D:6)
  The ghost of 4thArraOfDagon the Skirmisher, an average CeFi (D:4)
  A necrophage (D:5)
  A giant frog (D:6)
  A wyvern zombie (D:6)
  3 scorpions
  A giant frog zombie (D:5)
  3 orc wizards (D:6)
  A crimson imp (D:6)
  3 orc priests (D:6)
  5 hounds (D:4)
  3 iguanas
  A giant frog skeleton (D:5)
  3 worker ants
  A hound skeleton (D:7)
  A hound zombie (D:7)
  Robin (D:4)
  6 gnolls
  A shadow imp (D:6)
  9 adders
  4 oozes
  A worm (D:4)
  An adder skeleton (D:6)
  11 orcs
  5 giant cockroaches
  15 goblins
  5 hobgoblins
  4 jackals
  7 kobolds
  6 quokkas
  5 bats
  A giant newt (D:4)
  A jackal skeleton (D:5)
  2 quokka skeletons (D:4)
  23 rats
141 creatures vanquished.

Vanquished Creatures (others)
  2 slaves (D:6)
  3 gnolls (D:6)
  A giant gecko (D:6)
  4 orcs (D:6)
  A giant cockroach (D:6)
  A giant gecko zombie (D:6)
12 creatures vanquished.

Grand Total: 153 creatures vanquished

Notes
Turn   | Place    | Note
--------------------------------------------------------------
     0 | D:1      | SrHikikomori the Halfling Fighter began the quest for the Orb.
     0 | D:1      | Reached XP level 1. HP: 15/15 MP: 1/1
     6 | D:1      | Noticed a seven-headed hydra
     6 | D:1      | Noticed a hog
    11 | D:1      | Noticed a black bear
    11 | D:1      | Noticed a komodo dragon
   104 | D:1      | Reached XP level 2. HP: 14/20 MP: 2/2
   438 | D:1      | Reached XP level 3. HP: 25/25 MP: 3/3
  1387 | D:2      | Reached XP level 4. HP: 31/31 MP: 4/4
  1401 | D:2      | Reached skill level 4 in Shields
  1413 | D:2      | Reached skill level 1 in Dodging
  2124 | D:2      | Reached XP level 5. HP: 31/36 MP: 5/5
  2334 | D:3      | Found a white marble altar of Elyvilon.
  2425 | D:3      | Found a blossoming altar of Fedhas.
  2432 | D:3      | Became a worshipper of Fedhas Madash
  2690 | D:3      | Reached XP level 6. HP: 42/42 MP: 6/6
  2991 | D:4      | Noticed Robin
  3050 | D:4      | Killed Robin
  3349 | D:4      | Noticed 4thArraOfDagon's ghost (average CeFi)
  3388 | D:4      | Killed 4thArraOfDagon's ghost
  3388 | D:4      | Reached skill level 5 in Shields
  3388 | D:4      | Reached XP level 7. HP: 24/46 MP: 7/7
  4608 | D:4      | Reached skill level 1 in Stealth
  4871 | D:5      | Entered Level 5 of the Dungeon
  4973 | D:5      | Reached skill level 6 in Shields
  5065 | D:5      | Reached skill level 5 in Short Blades
  5065 | D:5      | Reached XP level 8. HP: 18/54 MP: 8/8
  5863 | D:5      | Found a staircase to the Ecumenical Temple.
  5875 | Temple   | Entered the Ecumenical Temple
  6393 | D:6      | Noticed Pikel
  6458 | D:6      | Killed Pikel
  6458 | D:6      | Reached skill level 5 in Armour
  6458 | D:6      | Reached skill level 7 in Shields
  6458 | D:6      | Reached XP level 9. HP: 20/59 MP: 9/9
  6721 | D:6      | Got a scorched hand axe
  6763 | D:6      | Found an ancient bone altar of Kikubaaqudgha.
  7258 | D:6      | Reached skill level 5 in Dodging
  7452 | D:6      | Reached skill level 8 in Shields
  7536 | D:6      | Found a glowing silver altar of Zin.
  7667 | D:7      | Noticed Dowan
  7669 | D:7      | Noticed Duvessa
  7715 | D:7      | Mangled by an ogre

Vault maps used:
D:1:      onia_arrival_zoo_common
D:2:      first_bread, minmay_rat_hole
D:3:      fedhas_altar_2, elyvilon_altar_5
D:4:      cheibrodos_gnoll_hut, uniq_crazy_yiuf_cottage, uniq_robin
D:6:      kiku_gazebo_pond_becter, lemuel_doored_altar, uniq_pikel
D:7:      trog_wizard, uniq_duvessa
Temple:   triangle_lava_temple_12

Action                   |  1- 3 |  4- 6 |  7- 9 || total
-------------------------+-------+-------+-------++-------
Melee: Rapier            |   100 |   231 |   675 ||  1006
Throw: Stone             |     1 |       |       ||     1
  Use: Scroll            |     2 |     4 |     4 ||    10
       Potion            |       |     5 |     5 ||    10
  Eat: Fruit             |     3 |       |       ||     3
       Bread ration      |       |     1 |     3 ||     4
       Beef jerky        |       |     1 |       ||     1
       Pizza             |       |       |     1 ||     1
